 Dungeon Crawl Stone Soup version 0.26-a0-1129-gc5df7fbe6a (webtiles) character file.

Game seed: 14291855879541958684

147 Dracia the Ruffian (level 5, -1/50 HPs)
             Began as a Troll Monk on Dec 18, 2020.
             Slain by a gnoll
             ... wielding a +0 flail
              (11 damage)
             ... on level 3 of the Dungeon.
             The game lasted 00:01:53 (1079 turns).

Dracia the Ruffian (Troll Monk)                     Turns: 1079, Time: 00:01:54

Health: -1/50      AC:  6    Str: 19    XL:     5   Next: 7%
Magic:  4/4        EV: 11    Int:  6    God:
Gold:   123        SH:  0    Dex: 13    Spells: 4/4 levels left

rFire    . . .     SeeInvis +     - Unarmed
rCold    . . .     Faith    .   (no shield)
rNeg     . . .     Spirit   .   a - +0 robe
rPois    .         Reflect  .   (helmet restricted)
rElec    .         Harm     .   (no cloak)
rCorr    +         Rampage  .   (gloves unavailable)
Will     .....                  (boots unavailable)
Stlth    ++........             (no amulet)
HPRegen  0.56/turn              v - ring of see invisible
MPRegen  0.09/turn              R - ring of resist corrosion

@: no status effects
A: large, unfitting armour, claws 3, regeneration 1, shaggy fur 1, tough skin 3
a: no special abilities


You were on level 3 of the Dungeon.
You visited 1 branch of the dungeon, and saw 3 of its levels.

You collected 123 gold pieces.


Innate Abilities, Weirdness & Mutations

You are too large for most types of armour.
You have claws for hands.
Your natural rate of healing is unusually fast.
You are covered in fur. (AC +1)
You have extremely tough skin. (AC +3)


   Skills:
 - Level 2.4 Fighting
 + Level 3.3 Dodging
 - Level 1.0 Stealth
 * Level 5.1 Unarmed Combat


You had 4 spell levels left.
You didn't know any spells.
Your spell library was empty.

Inventory:

Armour
 a - a +0 robe (worn)
Jewellery
 v - a ring of see invisible (left claw)
 R - a ring of resist corrosion (right claw)
Scrolls
 b - 3 scrolls of magic mapping {unknown}
 c - 2 scrolls of remove curse {unknown}
 d - a scroll of immolation {unknown}
 e - 2 scrolls of identify {unknown}
 f - a scroll of amnesia {unknown}
 j - a scroll of fear {unknown}
Potions
 g - 2 potions of degeneration {unknown}
 h - a potion of haste {unknown}
 i - a potion of brilliance {unknown}

Dungeon Overview and Level Annotations

Branches:
Dungeon (3/15)

Altars:
Sif Muna

. #......##.#
....#........#
#...#.)#...###
.......#...#
#.....)....#
##.....g..##
.......>.g#
#.#######g# #
#@# #.# #.#
#.# ..# ###


You could see 3 gnolls.


Message History

The gnoll hits you with a +0 whip.
You scratch the gnoll.
The gnoll is heavily wounded.
The gnoll hits you with a +0 whip. The gnoll misses you.
You closely miss the gnoll.
The gnoll is heavily wounded.
The gnoll barely misses you. The gnoll hits you with a +0 flail.
The gnoll barely misses you.
You scratch the gnoll but do no damage.
The gnoll is heavily wounded.
The gnoll hits you with a +0 whip. The gnoll hits you with a +0 flail.
The gnoll hits you from afar with a +0 spear.
You closely miss the gnoll.
The gnoll is heavily wounded.
The gnoll barely misses you.
You closely miss the gnoll.
The gnoll is heavily wounded.
The gnoll closely misses you. The gnoll hits you with a +0 flail.
The gnoll hits you with a +0 whip.
Unknown command.
The gnoll hits you with a +0 flail!
* * * LOW HITPOINT WARNING * * *
The gnoll hits you from afar with a +0 spear.
* * * LOW HITPOINT WARNING * * *
You are too injured to fight recklessly!
You are too injured to fight recklessly!
You scratch the gnoll.
The gnoll is lightly wounded.
The gnoll hits you with a +0 flail!
You die...

Skill      XL: |  1  2  3  4 |
---------------+-------------+-----
Dodging        | 3 |  3.3
Unarmed Combat | 4 5 |  5.1
Fighting       | |  2.4
Stealth        | |  1.0

Action                   |  1- 3 |  4- 6 || total
-------------------------+-------+-------++-------
Melee: Unarmed           |    74 |    40 ||   114
       Punch             |       |     1 ||     1
 Stab: Sleeping          |     1 |     1 ||     2
Armor: Robe              |    22 |    14 ||    36
Dodge: Dodged            |    34 |    32 ||    66

Levels and vault maps discovered:
D:1:      mrwooster_arrival_statue, layout_rooms, minmay_pentomino_t4
D:2:      layout_loops_ring, led_sif_pool, uniq_jessica, uniq_terence
D:3:      layout_basic, minmay_misc_feat_five, minivault_5,
          okawaru_metal_pillars_1_2

Notes
Turn   | Place    | Note
-------+----------+-------------------------------------------
     0 | D:1      | Dracia the Troll Monk began the quest for the Orb.
     0 | D:1      | Reached XP level 1. HP: 22/22 MP: 0/0
    65 | D:1      | Reached XP level 2. HP: 29/29 MP: 1/1
   412 | D:2      | Reached XP level 3. HP: 36/36 MP: 2/2
   449 | D:2      | Noticed Terence
   456 | D:2      | Killed Terence
   457 | D:2      | Reached skill level 3 in Dodging
   457 | D:2      | Reached skill level 4 in Unarmed Combat
   568 | D:2      | Reached XP level 4. HP: 32/44 MP: 3/3
   615 | D:2      | Noticed Jessica
   621 | D:2      | Killed Jessica
   864 | D:2      | Found a shimmering blue altar of Sif Muna.
   978 | D:3      | Reached skill level 5 in Unarmed Combat
  1029 | D:3      | Reached XP level 5. HP: 50/50 MP: 4/4
  1079 | D:3      | Slain by a gnoll

Vanquished Creatures
  Terence (D:2)
  Jessica (D:2)
  4 gnolls (D:3)
  4 worms (D:2)
  4 dart slugs (D:1)
  4 giant cockroaches
  2 goblins
  3 hobgoblins
  3 jackals (D:2)
  A quokka (D:2)
  3 bats
  7 frilled lizards
  A kobold (D:1)
  5 rats (D:1)
43 creatures vanquished.

Table legend: (Time is in decaauts)
 A = Elapsed time spent in this place.
 B = Non-inter-level travel time spent in this place.
 C = Inter-level travel time spent in this place.
 D = Time resting spent in this place.
 E = Time spent auto-exploring this place.
 F = Levels seen in this place.
 G = Mean time per level.
                   A        B        C        D        E       F      G
               +--------+--------+--------+--------+--------+-----+--------+
         Total |   1070 |   1026 |     44 |      0 |    773 |   3 |  356.7 |
       Dungeon |   1070 |   1026 |     44 |      0 |    773 |   3 |  356.7 |
               +--------+--------+--------+--------+--------+-----+--------+

Top non-repeatable levels by time:
     D:2: 597 daAuts
     D:1: 360 daAuts
     D:3: 112 daAuts

Table legend:
 A = Non-vault XP
 B = Vault XP
 C = Vault XP percentage of total XP
 D = Non-vault monster count
 E = Vault monster count
 F = Vault count percentage of total count
                 A         B        C        D         E       F
            +---------+---------+-------+---------+---------+-------
      Total |     133 |      77 |  36.7 |      39 |       4 |   9.3
            +---------+---------+-------+---------+---------+-------
        D:1 |      35 |       2 |   5.4 |      18 |       2 |  10.0
        D:2 |      39 |      75 |  65.8 |      16 |       2 |  11.1
        D:3 |      59 |       0 |   0.0 |       5 |       0 |   0.0
            +---------+---------+-------+---------+---------+-------
